 Dungeon Crawl Stone Soup version 0.28-a0-794-gafe8c5f9e9 (webtiles) character file.

Game seed: 5260955723291631996

5879 wingedge the Fighter (level 10, 0/96 HPs)
             Began as an Ogre Warper on Nov 5, 2021.
             Was a High Priest of Hepliaklqana.
             Slain by Sonja (6 damage)
             ... on level 10 of the Dungeon.
             The game lasted 00:41:43 (10791 turns).

wingedge the Fighter (Ogre Warper)                 Turns: 10791, Time: 00:41:44

Health: 0/96       AC:  8    Str: 24    XL:     10   Next: 81%
Magic:  17/21      EV: 11    Int: 16    God:    Hepliaklqana [*****.]
Gold:   286        SH:  0    Dex:  8    Spells: 12/23 levels left

rFire   . . .      SeeInvis .   r - +2 long sword (flame)
rCold   . . .      Faith    .   (no shield)
rNeg    . . .      Spirit   .   b - +0 robe
rPois   .          Reflect  .   (helmet restricted)
rElec   .          Harm     .   m - +0 cloak
rCorr   .          Rampage  .   (gloves unavailable)
Will    +....                   (boots unavailable)
Stlth   +.........              y - amulet of the acrobat
HPRegen 0.26/turn               E - +6 ring of strength
MPRegen 0.17/turn               K - ring "Wathig" {AC+4 Slay+2}

@: lethally poisoned (0 -> -8)
A: reduced essence, large, unfitting armour, tough skin 1
a: Renounce Religion, Recall Ancestor, Ancestor Identity, Transference, Idealise


You were on level 10 of the Dungeon.
You worshipped Hepliaklqana.
Hepliaklqana was extremely pleased with you.
You visited 1 branch of the dungeon, and saw 10 of its levels.

You collected 446 gold pieces.
You spent 160 gold pieces at shops.

Inventory:

Hand Weapons
 a - a +0 hand axe
 r - a +2 long sword of flaming (weapon)
Missiles
 d - 4 boomerangs of dispersal (quivered)
 J - 2 boomerangs
Armour
 b - a +0 robe (worn)
 m - a +0 cloak (worn)
 H - a scarf of harm
Magical Staves
 C - a staff of conjuration
Jewellery
 y - an amulet of the acrobat (around neck)
 E - a +6 ring of strength (left hand)
 G - a ring of poison resistance
 K - the ring "Wathig" (right hand) {AC+4 Slay+2}
   (You found it on level 9 of the Dungeon)

   [ring of protection]

   AC:        It affects your AC (+4).
   Slay:      It affects your accuracy & damage with ranged weapons and melee
   (+2).
Wands
 A - a wand of flame (11)
 B - a wand of charming (11)
 L - a wand of paralysis (5)
 O - a wand of acid (1)
Scrolls
 c - 2 scrolls of blinking
 g - 2 scrolls of enchant armour {unknown}
 i - 2 scrolls of vulnerability {unknown}
 j - a scroll of summoning {unknown}
 l - 4 scrolls of teleportation {unknown}
 n - 10 scrolls of identify {unknown}
 p - 2 scrolls of immolation {unknown}
 s - 3 scrolls of magic mapping {unknown}
 u - a scroll of brand weapon {unknown}
 v - 2 scrolls of amnesia {unknown}
 w - 3 scrolls of noise {unknown}
 D - a scroll of acquirement {unknown}
 F - a scroll of fear {unknown}
 N - a scroll of holy word {unknown}
Potions
 e - a potion of heal wounds
 f - 3 potions of flight {unknown}
 h - 3 potions of lignification {unknown}
 k - 3 potions of mutation {unknown}
 o - 2 potions of invisibility
 q - 2 potions of attraction {unknown}
 t - 7 potions of curing {unknown}
 x - a potion of berserk rage {unknown}
 z - 3 potions of haste
 I - 3 potions of might {unknown}
 M - a potion of cancellation {unknown}


   Skills:
 * Level 9.3 Fighting
 + Level 4.6 Long Blades
 - Level 2.5 Axes
 - Level 1.0 Throwing
 * Level 7.1 Dodging
 + Level 7.4 Spellcasting
 + Level 7.8 Translocations
 + Level 4.0 Invocations


You had 12 spell levels left.
You knew the following spells:

 Your Spells              Type           Power      Damage    Failure   Level
a - Blink                 Tloc           62%        N/A       1%          2
b - Gell's Gravitas       Tloc           31%        N/A       1%          3
c - Lesser Beckoning      Tloc           31%        N/A       1%          3
d - Teleport Other        Tloc           31%        N/A       1%          3

Your spell library contained the following spells:

 Spells                   Type           Power      Damage    Failure   Level
 Slow                     Hex            20%        N/A       12%         1
 Manifold Assault         Tloc           31%        N/A       13%         5
 Ensorcelled Hibernation  Hex/Ice        10%        N/A       19%         2
 Confusing Touch          Hex            5%         N/A       34%         3
 Ozocubu's Armour         Ice            5%         N/A       34%         3
 Spider Form              Tmut/Pois      5%         N/A       34%         3
 Stone Arrow              Conj/Erth      10%        3d7       34%         3
 Animate Armour           Summ/Erth      10%        N/A       75%         4
 Yara's Violent Unravell  Hex/Tmut       2%         3d3       97%         5
 Ozocubu's Refrigeration  Ice            2%         4d5       100%        7
 Lehudib's Crystal Spear  Conj/Erth      2%         10d2      100%        8


Dungeon Overview and Level Annotations

Branches:
Dungeon (10/15)            Temple (0/1) D:6            Lair (0/6) D:9
    Orc: D:9-12

Altars:
Gozag
Hepliaklqana
Kikubaaqudgha
Qazlal
Ru
Sif Muna
Vehumet
Xom
The Shining One

Shops:
D:5 !   D:7 [

Annotations:
D:10 Sonja


Innate Abilities, Weirdness & Mutations

Your life essence is reduced to manifest your ancestor. (-10% HP)
You are too large for most types of armour.
You have tough skin. (AC +1)


Message History

The yak barely misses you. The yak gores you!
You slash the yak! You burn the yak.
The yak is severely wounded.
The yak gores you!
You slash the yak! You burn the yak.
You kill the yak!
You hit the yak. You burn the yak.
The yak is lightly wounded.
The yak gores you!
You slice the yak!! You burn the yak!
You kill the yak!
The cyclops throws a large rock.
The large rock misses you.
Your Invocations skill increases to level 4!
A killer bee comes into view.
Casting: Blink (safe; 1% risk of failure)
Confirm with . or Enter, or press ? or * to list all spells.
You blink.
The killer bee buzzes angrily.
The cyclops hits you!!
* * * LOW HITPOINT WARNING * * *
You feel much better.
You feel stable enough to blink again. The cyclops closely misses you.
Sonja, the Graceful Assassin comes into view.
She is wielding a +2 short sword of venom and quivering curare-tipped darts.
Sonja shouts!
Sonja throws a curare-tipped dart.
The curare-tipped dart completely misses you.
Casting: Blink (safe; 1% risk of failure)
Confirm with . or Enter, or press ? or * to list all spells.
Aiming: Gell's Gravitas (safe; 1% risk of failure)
Press: ? - help, Dir - move target Gravity reorients around empty space.
The cyclops throws a large rock.
The large rock hits you!!
* * * LOW HITPOINT WARNING * * *
Sonja closely misses you.
Sonja hits you with a +2 short sword of venom.
* * * LOW HITPOINT WARNING * * *
You are lethally poisoned!
Sonja hits you with a +2 short sword of venom.
You die...

####...#.# #..+...#.# ..
#.##...#.##### .
#########............. .
#..........###.#.####. #
#..........# #.#.# #
#..........# #.#.# #
#..........###.#†##############
#........>.'..@yC..............
#..........###K#...............
#..........# #.######.........#
#..........# #'# #..........
########...# ... #......†...
#####....# #.......... #....#
#.......... #....# #..........
Y....# #########..


You could see a cyclops, Sonja and a killer bee.

Vanquished Creatures
  2 komodo dragons (D:9)
  Prince Ribbit (D:9)
  4 yaks (D:10)
  A wyvern (D:9)
  An orc warrior (D:6)
  A swamp drake (D:9)
  A necrophage (D:6)
  2 centaurs
  A scorpion (D:5)
  2 killer bees (D:10)
  An electric eel (D:8)
  A howler monkey (D:8)
  2 centaur zombies
  2 centaur skeletons
  An orc priest (D:6)
  2 bullfrog skeletons
  An orc wizard (D:7)
  An iguana (D:5)
  A howler monkey zombie (D:8)
  A gnoll (D:6)
  3 adders
  2 worms (D:2)
  6 orcs
  2 bats (D:2)
  4 endoplasms
  4 giant cockroaches
  3 hobgoblins
  4 jackals (D:1)
  5 kobolds
  A quokka (D:2)
  2 ball pythons (D:1)
  4 frilled lizards
  7 goblins
  4 rats
80 creatures vanquished.

Vanquished Creatures (collateral kills)
  2 centaur zombies (D:10)
  Psyche (D:9)
  A meliai zombie (D:9)
  A wraith (D:8)
  2 basilisks (D:9)
  Eustachio (D:6)
  An acid dragon (D:9)
  3 ice beasts
  3 orc warriors
  3 ogres
  2 centaurs
  A kobold brigand (D:8)
  2 bullfrogs
  A wyvern zombie (D:6)
  A killer bee (D:10)
  A howler monkey (D:8)
  A jelly (D:6)
  2 orc priests (D:6)
  5 hounds
  3 iguanas
  Ijyb (D:5)
  10 orc wizards
  3 gnolls (D:6)
  A white imp (D:8)
  An ufetubus (D:6)
  14 orcs
  3 endoplasms
  2 goblins
  4 ball pythons
  2 bats
  8 kobolds
  2 rats
88 creatures vanquished.

Vanquished Creatures (others)
  A black bear (D:7)
  3 battlemagi
4 creatures vanquished.

Grand Total: 172 creatures vanquished

Notes
Turn   | Place    | Note
-------+----------+-------------------------------------------
     0 | D:1      | wingedge the Ogre Warper began the quest for the Orb.
     0 | D:1      | Reached XP level 1. HP: 22/22 MP: 3/3
   150 | D:1      | Reached XP level 2. HP: 17/29 MP: 5/5
   409 | D:1      | Reached skill level 3 in Fighting
   655 | D:1      | Found a faded altar of an unknown god.
   941 | D:1      | Prayed at the altar of an unknown god.
   941 | D:1      | Became a worshipper of Hepliaklqana the Forgotten
   941 | D:1      | Reached * piety under Hepliaklqana
  1490 | D:1      | Reached XP level 3. HP: 33/33 MP: 7/7
  1593 | D:2      | Learned a level 2 spell: Blink
  2274 | D:2      | Reached XP level 4. HP: 43/43 MP: 8/8
  2274 | D:2      | Reached ** piety under Hepliaklqana
  2407 | D:2      | Remembered your ancestor Necuametl as a battlemage
  2823 | D:3      | Noticed an ogre
  2829 | D:3      | Killed an ogre
  2830 | D:3      | Reached skill level 4 in Fighting
  2830 | D:3      | Reached XP level 5. HP: 49/49 MP: 8/10
  3065 | D:3      | Found a shimmering altar of Xom.
  4065 | D:4      | Reached XP level 6. HP: 51/58 MP: 11/11
  4228 | D:5      | Entered Level 5 of the Dungeon
  4228 | D:5      | Noticed Ijyb
  4234 | D:5      | Killed Ijyb
  4279 | D:5      | Reached *** piety under Hepliaklqana
  4287 | D:5      | Noticed an ice beast
  4295 | D:5      | Killed an ice beast
  4296 | D:5      | Reached skill level 5 in Fighting
  4308 | D:5      | Reached skill level 1 in Long Blades
  4506 | D:5      | Reached XP level 7. HP: 66/66 MP: 11/13
  4525 | D:5      | Found Dixurghoge's Distillery.
  4530 | D:5      | Bought a potion of degeneration for 10 gold pieces
  4530 | D:5      | Bought a potion of heal wounds for 50 gold pieces
  4530 | D:5      | Bought a potion of haste for 100 gold pieces
  4552 | D:5      | Reached skill level 6 in Fighting
  4772 | D:5      | Learned a level 3 spell: Gell's Gravitas
  4776 | D:5      | Learned a level 3 spell: Lesser Beckoning
  4780 | D:5      | Learned a level 3 spell: Teleport Other
  4940 | D:6      | Reached skill level 5 in Translocations
  5042 | D:6      | Reached XP level 8. HP: 59/75 MP: 14/14
  5141 | D:6      | Reached skill level 5 in Spellcasting
  5423 | D:6      | Found a staircase to the Ecumenical Temple.
  5451 | D:6      | Reached skill level 7 in Fighting
  6084 | D:6      | Found an opulent altar of Gozag.
  6123 | D:6      | Reached XP level 9. HP: 74/83 MP: 17/17
  6159 | D:6      | Noticed Eustachio
  6173 | D:6      | Killed Eustachio
  6228 | D:6      | Reached **** piety under Hepliaklqana
  6403 | D:7      | Reached skill level 5 in Dodging
  6866 | D:7      | Reached skill level 1 in Invocations
  6869 | D:7      | Found a glowing golden altar of the Shining One.
  6913 | D:7      | Found Piyhuamid's Antique Armour Shop.
  7898 | D:8      | Found a sacrificial altar of Ru.
  8735 | D:9      | Reached skill level 8 in Fighting
  8991 | D:9      | Noticed Prince Ribbit
  9001 | D:9      | Killed Prince Ribbit
  9002 | D:9      | Reached XP level 10. HP: 84/93 MP: 17/20
  9086 | D:9      | Reached ***** piety under Hepliaklqana
  9258 | D:9      | Identified the ring "Wathig" {AC+4 Slay+2}
  9294 | D:9      | Noticed Psyche
  9302 | D:9      | Killed Psyche
  9601 | D:9      | Found a stormy altar of Qazlal.
  9601 | D:9      | Found a shimmering blue altar of Sif Muna.
  9608 | D:9      | Found a faded altar of an unknown god.
  9610 | D:9      | Found a radiant altar of Vehumet.
  9612 | D:9      | Found an ancient bone altar of Kikubaaqudgha.
 10194 | D:9      | Found a staircase to the Lair.
 10529 | D:10     | Entered Level 10 of the Dungeon
 10634 | D:10     | Reached skill level 9 in Fighting
 10755 | D:10     | Noticed a cyclops
 10789 | D:10     | Noticed Sonja
 10791 | D:10     | Slain by Sonja

Illustrated notes

Levels and vault maps discovered:
D:1:      dpeg_arrival_prison, layout_loops_corners,
          hellmonk_ecumenical_altar_dog_temple, serial_bayou_lagoon_b
D:2:      layout_basic
D:3:      layout_rooms, lemuel_coloured_pillars_altar
D:4:      layout_basic, grunt_decor_junction, hangedman_abyss_or_decor_stabs
D:5:      layout_rooms, serial_shops, shop, uniq_ijyb
D:6:      layout_loops_cross, grunt_gozag_breadcrumbs,
          minmay_temple_entry_from_below_a, uniq_eustachio
D:7:      layout_gridville, nicolae_overflow_crystal_walls, serial_shops,
          nicolae_shop_statue_plus, kennysheep_crisscross
D:8:      layout_basic, nicolae_ru_sacrificial_ziggurat, nicolae_lava_and_water
D:9:      layout_layer_cave, chequers_temple_overflow_minitemple,
          erik_lair_dragon, uniq_psyche, uniq_prince_ribbit1
D:10:     layout_basic, mainiacjoe_overflow_tiny_flanked,
          mainiacjoe_overflow_surrounded_room, uniq_sonja

Skill      XL: |  1  2  3  4  5  6  7  8  9 10 |
---------------+-------------------------------+-----
Fighting       | 3 4 5 6 7 8 9 |  9.3
Translocations | 3 4 5 6 7 |  7.8
Spellcasting   | 3 4 5 6 7 |  7.4
Long Blades    | 1 2 3 4 |  4.6
Dodging        | 3 4 6 7 |  7.1
Invocations    | 2 4 |  4.0
Axes           | |  2.5
Throwing       | |  1.0

Action                   |  1- 3 |  4- 6 |  7- 9 | 10-12 || total
-------------------------+-------+-------+-------+-------++-------
Melee: Hand axe          |   144 |    29 |       |       ||   173
       Long sword        |       |    30 |   129 |    63 ||   222
Throw: Boomerang         |     1 |       |       |       ||     1
 Cast: Blink             |       |       |    10 |     3 ||    13
       Gell's Gravitas   |       |       |     3 |     1 ||     4
       Teleport Other    |       |       |     2 |       ||     2
       Lesser Beckoning  |       |       |     2 |       ||     2
Invok: Ancestor Life: Ba |       |     1 |       |       ||     1
       Transference      |       |       |     1 |     1 ||     2
Evoke: Wand              |       |     1 |     1 |     8 ||    10
  Use: Potion            |       |       |       |     2 ||     2
 Stab: Distracted        |       |     1 |     2 |       ||     3
Armor: Robe              |    53 |    21 |    38 |    27 ||   139
Dodge: Dodged            |    76 |    49 |   123 |    52 ||   300

Table legend: (Time is in decaauts)
 A = Elapsed time spent in this place.
 B = Non-inter-level travel time spent in this place.
 C = Inter-level travel time spent in this place.
 D = Time resting spent in this place.
 E = Time spent auto-exploring this place.
 F = Levels seen in this place.
 G = Mean time per level.
                   A        B        C        D        E       F      G
               +--------+--------+--------+--------+--------+-----+--------+
         Total |  10874 |  10636 |    238 |   1539 |   7226 |  10 | 1087.4 |
       Dungeon |  10874 |  10636 |    238 |   1539 |   7226 |  10 | 1087.4 |
               +--------+--------+--------+--------+--------+-----+--------+

Top non-repeatable levels by time:
     D:9: 1928 daAuts
     D:6: 1533 daAuts
     D:1: 1525 daAuts
     D:8: 1309 daAuts
     D:2: 1304 daAuts
     D:4: 986 daAuts
     D:7: 906 daAuts
     D:5: 652 daAuts
     D:3: 462 daAuts
    D:10: 265 daAuts
